 Dungeon Crawl Stone Soup version 0.32-a0-913-g739538afd8 (webtiles) character file.

Game seed: 16484353351405261992

1260 docpaisley the Chiller (level 8, -1/54 (61) HPs)
             Began as a Human Ice Elementalist on Apr 9, 2024.
             Slain by a wight
             ... wielding a +4 falchion
              (5 damage)
             ... on level 5 of the Dungeon.
             The game lasted 00:20:26 (7261 turns).

docpaisley the Chiller (Human Ice Elementalist)     Turns: 7261, Time: 00:20:26

HP:   -1/54 (61)    AC:  5    Str:  9    XL:     8   Next: 52%
MP:   12/15         EV: 11    Int: 18    God:
Gold: 294           SH:  0    Dex: 13    Spells: 7/17 levels left

rFire   . . .        x - +2 trident (venom)
rCold   . . .        (no shield)
rNeg    + . .        t - +0 leather armour
rPois   .            y - +0 helmet
rElec   .            (no cloak)
rCorr   .            e - +0 pair of gloves
SInv    .            (no boots)
Will    .....        (no amulet)
Stlth   ++           A - ring of positive energy
HPRegen 0.29/turn    (no ring)
MPRegen 0.14/turn

%: no passive effects
@: heavily drained
A: explore regen
a: no special abilities


You were on level 5 of the Dungeon.
You visited 1 branch of the dungeon, and saw 6 of its levels.
You also visited: Sewer.

You collected 294 gold pieces.

Inventory:

Hand Weapons
 c - a +0 halberd
 d - a +0 club
 f - a +0 heavy spear
 x - a +2 trident of venom (weapon)
Missiles
 a - 2 throwing nets (quivered)
Armour
 e - a +0 pair of gloves (worn)
 t - a +0 leather armour (worn)
 y - a +0 helmet (worn)
Jewellery
 p - a ring of fire
 A - a ring of positive energy (left hand)
Scrolls
 i - a scroll of immolation
 k - 2 scrolls of fear
 m - 3 scrolls of teleportation
 s - 5 scrolls of blinking
 w - 2 scrolls of fog
 z - a scroll of poison
 C - a scroll of silence {unknown}
 D - a scroll of enchant weapon {unknown}
Potions
 b - 3 potions of magic
 g - a potion of curing
 h - 2 potions of degeneration {unknown}
 j - 2 potions of haste
 l - 2 potions of brilliance {unknown}
 n - 3 potions of heal wounds
 o - 2 potions of invisibility {unknown}
 q - a potion of cancellation {unknown}
 r - 2 potions of attraction {unknown}
 u - a potion of enlightenment {unknown}


   Skills:
 + Level 4.3 Fighting
 + Level 4.1 Armour
 - Level 3.2 Dodging
 - Level 2.0 Stealth
 + Level 5.0 Spellcasting
 + Level 6.5 Ice Magic


You had 7 spell levels left.
You knew the following spells:

 Your Spells              Type           Power      Damage    Failure   Level
a - Freeze                Ice            100%       1d10      1%          1
b - Frozen Ramparts       Ice            56%        1d9       3%          3
c - Ozocubu's Armour      Ice            28%        N/A       3%          3
d - Summon Ice Beast      Ice/Summ       16%        N/A       14%         3

Your spell library contained the following spells:

 Spells                   Type           Power      Damage    Failure   Level
 Static Discharge         Conj/Air       8%         3-4/arc   26%         2
 Fugue of the Fallen      Necr           4%         N/A       47%         3
 Metabolic Englaciation   Hex/Ice        8%         N/A       78%         5
 Airstrike                Air            2%         2d(1-17)  87%         4
 Fulminant Prism          Conj/Alch      2%         3d5       87%         4
 Olgreb's Toxic Radiance  Alch           4%         N/A       87%         4
 Petrify                  Alch/Erth      4%         N/A       87%         4
 Summon Lightning Spire   Summ/Air       4%         N/A       87%         4
 Manifold Assault         Tloc           2%         N/A       100%        7
 Ozocubu's Refrigeration  Ice            14%        4d10      100%        7


Dungeon Overview and Level Annotations

Branches:
Dungeon (6/15)              Sewer (visited)
 Temple: D:4-7

Altars:
Cheibriados
Nemelex Xobeh
Qazlal
Uskayaw


Innate Abilities, Weirdness & Mutations

You regain HP and MP as you explore.


Message History

The wight closely misses you. x2
You completely miss the wight.
The wight is moderately damaged.
The wight hits you with a +4 falchion. You partially resist.
You feel drained.
You barely miss the wight.
The wight is moderately damaged.
The wight barely misses you.
You barely miss the wight.
The wight is moderately damaged.
The wight hits you with a +4 falchion! You partially resist.
You feel drained.
You barely miss the wight.
The wight is moderately damaged.
The wight misses you. The wight hits you with a +4 falchion.
You hit the wight.
The wight is moderately damaged.
The wight closely misses you.
You aren't carrying any items that you can evoke.
Unknown command.
Unknown command.
Casting: Freeze (safe; 1% risk of failure)
Confirm with . or Enter, or press ? or * to list all spells.
Aiming: Freeze (safe; 1% risk of failure)
Press: ? - help, Shift-Dir - straight line, f - wight
Aim: a wight, wielding a +4 falchion and wearing a +0 robe (moderately damaged)
Okay, then.
Unknown command.
Casting: Freeze (safe; 1% risk of failure)
Confirm with . or Enter, or press ? or * to list all spells.
A chill wind blows around you. The wight hits you with a +4 falchion!
* * * LOW HITPOINT WARNING * * *
You partially resist.
You feel drained.
* * * LOW HITPOINT WARNING * * *
You closely miss the wight.
The wight is moderately damaged.
The wight hits you with a +4 falchion!
* * * LOW HITPOINT WARNING * * *
Your ice beast hits the wight.
Your ice beast freezes the wight.
The wight completely resists.
The wight attacks as it pursues you! The wight hits you with a +4 falchion.
You die...

#################
#..........Y.z@.#
#.#########..#### #######
###.#### #..# #.....#
≈≈...≈≈# #..# #.##.##
≈≈...≈≈# #..# #.##.#
...≈...# ###..# #.##.#
.......####....# #.##.#
.≈.≈.≈.....##..#######.##.#
.≈...≈.....##....†.....##.#


You could see a wight (ally target) and a friendly ice beast (summoned).

Vanquished Creatures
  An ice beast (D:5)
  A phantom (D:4)
  A kobold brigand (Sewer)
  2 brain worms (Sewer)
  5 scorpions
  A jelly (D:5)
  3 bombardier beetles
  A hound (D:4)
  A sleepcap (D:5)
  A gnoll bouda (D:6)
  Jessica (D:2)
  An iguana (D:4)
  10 gnolls
  8 adders
  6 river rats (Sewer)
  3 dart slugs
  3 ribbon worms
  3 orcs (D:4)
  2 endoplasms (D:1)
  A giant cockroach (D:2)
  5 goblins
  4 hobgoblins
  20 jackals
  2 quokkas (D:1)
  11 ball pythons
  6 bats
  15 frilled lizards
  6 kobolds
  10 rats
134 creatures vanquished.

Notes
Turn   | Place    | Note
-------+----------+-------------------------------------------
     0 | D:1      | docpaisley the Human Ice Elementalist began the quest for
                  | the Orb.
     0 | D:1      | Reached XP level 1. HP: 13/13 MP: 3/3
   217 | D:1      | You fall into a shaft and drop 1 floor!
   263 | D:2      | Reached XP level 2. HP: 14/19 MP: 0/5
   366 | D:2      | Reached XP level 3. HP: 12/24 MP: 4/6
   693 | D:2      | Reached XP level 4. HP: 5/30 MP: 4/8
   949 | D:1      | Learned a level 3 spell: Frozen Ramparts
  1601 | D:2      | Noticed Jessica
  1603 | D:2      | Killed Jessica
  1604 | D:2      | Reached skill level 1 in Fighting
  1972 | D:2      | Reached XP level 5. HP: 34/37 MP: 9/9
  2119 | D:2      | Found a hide-covered altar of Uskayaw.
  2392 | D:3      | Learned a level 3 spell: Ozocubu's Armour
  2680 | D:3      | Found a sparkling altar of Nemelex Xobeh.
  2986 | D:4      | Found a glowing drain.
  3027 | Sewer    | Entered a sewer
  3206 | Sewer    | Noticed a kobold brigand
  3212 | Sewer    | Killed a kobold brigand
  3213 | Sewer    | Reached skill level 1 in Armour
  3213 | Sewer    | Reached skill level 5 in Ice Magic
  3213 | Sewer    | Reached XP level 6. HP: 32/44 MP: 1/11
  3952 | Sewer    | Reached XP level 7. HP: 51/51 MP: 7/12
  4691 | D:4      | Found a stormy altar of Qazlal.
  5523 | D:4      | Found the +11 Singing Sword {sonic wave}
  5693 | D:5      | Entered Level 5 of the Dungeon
  5739 | D:5      | Reached skill level 6 in Ice Magic
  5753 | D:5      | Reached XP level 8. HP: 53/60 MP: 12/14
  6156 | D:5      | Got the Almanac of Congelation and Quintessence
  6193 | D:5      | Learned a level 3 spell: Summon Ice Beast
  6717 | D:5      | Found a hide-covered altar of Uskayaw.
  6741 | D:5      | Found a snail-covered altar of Cheibriados.
  6947 | D:5      | Reached skill level 5 in Spellcasting
  7261 | D:5      | Slain by a wight

Illustrated notes

Levels and vault maps discovered:
D:1:      orjb1_lava_funnel, layout_loops_ring
D:2:      layout_basic, basic_altar, minmay_strange_pillars, minmay_lizard_pond,
          uniq_jessica
D:3:      layout_rooms, nemelex_altar_shiori, minmay_statues_item
D:4:      old_forge, layout_loops_ring, nicolae_qazlal_general_emergency,
          cheibrodos_sewer_entry_bend
D:5:      layout_basic, nicolae_uskayaw_suspiria, overflow_temple_1_default
D:6:      kennysheep_kobold_camp, layout_basic,
          gammafunk_temple_overflow_elements, st_stairs_5, uniq_jeremiah,
          uniq_pikel

Skill      XL: |  1  2  3  4  5  6  7  8 |
---------------+-------------------------+-----
Fighting       | 1 2 3 4 |  4.3
Dodging        | 3 |  3.2
Spellcasting   | 3 4 5 |  5.0
Armour         | 1 2 3 4 |  4.1
Ice Magic      | 5 6 |  6.5
Stealth        | |  2.0

Action                     |  1- 3 |  4- 6 |  7- 9 || total
---------------------------+-------+-------+-------++-------
  Melee: Halberd           |     2 |       |       ||     2
         Spear             |       |    33 |       ||    33
         Trident           |       |    71 |   146 ||   217
  Throw: Dart              |       |     1 |       ||     1
         Throwing net      |       |       |     2 ||     2
   Cast: Freeze            |    23 |    51 |    52 ||   126
         Frozen Ramparts   |       |    13 |    11 ||    24
         Ozocubu's Armour  |       |     2 |     2 ||     4
         Summon Ice Beast  |       |       |     1 ||     1
    Use: Scroll            |     2 |     8 |     3 ||    13
         Potion            |       |     1 |       ||     1
   Stab: Sleeping          |       |     9 |     2 ||    11
         Distracted        |       |       |     1 ||     1
 Armour: Robe              |    20 |    32 |       ||    52
         Leather armour    |       |    37 |    93 ||   130
  Dodge: Dodged            |    24 |    66 |    87 ||   177

Table legend: (Time is in decaauts)
 A = Elapsed time spent in this place.
 B = Non-inter-level travel time spent in this place.
 C = Inter-level travel time spent in this place.
 D = Time resting spent in this place.
 E = Time spent auto-exploring this place.
 F = Levels seen in this place.
 G = Mean time per level.
                   A        B        C        D        E       F      G
               +--------+--------+--------+--------+--------+-----+--------+
         Total |   7578 |   7430 |    148 |   2094 |   3044 |   7 | 1082.6 |
       Dungeon |   5800 |   5652 |    148 |   1470 |   2565 |   6 |  966.7 |
         Sewer |   1778 |   1778 |      0 |    624 |    479 |   1 | 1778.0 |
               +--------+--------+--------+--------+--------+-----+--------+

Top non-repeatable levels by time:
   Sewer: 1778 daAuts
     D:5: 1462 daAuts
     D:4: 1398 daAuts
     D:2: 1371 daAuts
     D:1: 946 daAuts
     D:3: 500 daAuts
     D:6: 120 daAuts
